[ AOE2 MATCH · #505685610 ]
UnrankedBulgarians vs Byzantines
Player's team · WIN
[ REPLAY ANALYSIS · EXTRACTED FROM THE RECORDED GAME ]
Feudal
9:18
Castle
22:04
Imperial
—
| APM avg | 57.5 |
| APM peak | 102 |
| eAPM avg | 35.0 |
| Villagers / military | 82 / 29 |
Focus
⚔️ 62.9% · 🌾 37.1%
Knight ×21 · Militia ×6 · Monk ×1 · Konnik ×1
Feudal
8:26
Castle
20:11
Imperial
—
| APM avg | 49.8 |
| APM peak | 94 |
| eAPM avg | 26.7 |
| Villagers / military | 62 / 33 |
Focus
⚔️ 31.0% · 🌾 69.0%
Skirmisher ×15 · Camel Scout ×12 · Monk ×2 · Spearman ×2 · Knight ×1 · Mangonel ×1
Match map
Initial resources + every placement click. Lines = walls · curves = elevation contours. ◆ gold · ⬟ stone · ● berries · ✦ relic · ◌ wall gap
Your base· Open — 6t gap
[Nors] ImSimon's base· Open — 5t gap
Smoothed initial terrain · ◌ = detected wall gap · hover for details
Inputs per minute
— RaiD - - [Nors] ImSimon
Build order — RaiD
First 150 of 233 actions detected
| 0:01 | Create | Villager (Male) ×4 |
| 0:02 | Build | House |
| 0:03 | Build | House |
| 1:35 | Create | Villager (Male) |
| 1:35 | Create | Villager (Male) |
| 2:01 | Build | Lumber Camp |
| 2:02 | Create | Villager (Male) |
| 2:26 | Create | Villager (Male) |
| 2:26 | Create | Villager (Male) |
| 2:53 | Create | Villager (Male) |
| 2:53 | Create | Villager (Male) |
| 3:08 | Create | Villager (Male) |
| 3:08 | Create | Villager (Male) |
| 3:37 | Create | Villager (Male) |
| 3:52 | Build | House |
| 4:00 | Create | Villager (Male) |
| 4:20 | Build | House |
| 4:24 | Create | Villager (Male) |
| 4:51 | Create | Villager (Male) |
| 5:01 | Build | Mill |
| 5:22 | Create | Villager (Male) |
| 5:46 | Create | Villager (Male) |
| 6:09 | Create | Villager (Male) |
| 6:27 | Research | Loom |
| 6:56 | Build | Barracks |
| 7:08 | Research | Feudal Age |
| 7:08 | Research | Feudal Age |
| 7:41 | Build | House |
| 7:47 | Create | Militia |
| 7:50 | Create | Militia |
| 8:27 | Build | Farm |
| 8:29 | Create | Militia |
| 8:45 | Create | Militia |
| 8:57 | Create | Villager (Male) |
| 9:08 | Build | Farm |
| 9:18 | Age | Feudal Age |
| 9:33 | Build | Farm |
| 9:36 | Create | Villager (Male) |
| 9:37 | Research | Double-Bit Axe |
| 9:59 | Create | Villager (Male) |
| 10:10 | Build | Farm |
| 10:26 | Create | Villager (Male) |
| 10:29 | Build | Farm |
| 10:36 | Build | Farm |
| 10:37 | Create | Villager (Male) |
| 10:51 | Research | Arson |
| 10:54 | Create | Villager (Male) |
| 11:34 | Create | Villager (Male) |
| 11:36 | Build | Blacksmith |
| 11:41 | Build | Mining Camp |
| 11:52 | Research | Town Watch |
| 11:54 | Build | House |
| 12:06 | Create | Villager (Male) |
| 12:19 | Create | Villager (Male) |
| 12:22 | Build | Mill |
| 12:24 | Research | Scale Mail Armor |
| 12:33 | Create | Villager (Male) |
| 12:38 | Build | House |
| 12:40 | Build | House |
| 12:47 | Create | Villager (Male) |
| 12:51 | Build | Palisade Wall |
| 12:53 | Build | Palisade Wall |
| 13:05 | Build | Farm |
| 13:23 | Build | Watch Tower |
| 13:24 | Create | Villager (Male) |
| 13:28 | Build | House |
| 13:30 | Build | House |
| 13:31 | Build | House |
| 13:36 | Create | Villager (Male) |
| 13:40 | Build | Palisade Wall |
| 13:45 | Build | Palisade Wall |
| 13:45 | Build | Palisade Wall |
| 13:46 | Build | Palisade Wall |
| 14:10 | Build | Farm |
| 14:12 | Build | Farm |
| 14:25 | Build | Watch Tower |
| 14:36 | Build | Watch Tower |
| 14:39 | Create | Villager (Male) |
| 14:41 | Research | Forging |
| 14:54 | Build | Palisade Wall |
| 15:07 | Create | Villager (Male) |
| 15:19 | Create | Villager (Male) |
| 15:21 | Build | House |
| 15:28 | Research | Fletching |
| 15:28 | Research | Fletching |
| 15:40 | Build | Farm |
| 15:51 | Create | Villager (Male) |
| 16:08 | Build | Farm |
| 16:16 | Create | Villager (Male) |
| 16:19 | Build | Mining Camp |
| 16:39 | Create | Villager (Male) |
| 16:50 | Build | Watch Tower |
| 16:54 | Create | Villager (Male) |
| 16:59 | Build | Farm |
| 17:14 | Build | Farm |
| 17:15 | Create | Villager (Male) |
| 17:58 | Create | Villager (Male) |
| 18:00 | Build | Market |
| 18:05 | Build | House |
| 18:10 | Build | Palisade Wall |
| 18:12 | Build | Palisade Wall |
| 18:17 | Create | Villager (Male) |
| 18:19 | Build | Watch Tower |
| 18:35 | Create | Villager (Male) |
| 18:36 | Build | Farm |
| 18:38 | Build | Farm |
| 18:53 | Build | Farm |
| 18:56 | Build | Lumber Camp |
| 19:00 | Build | Farm |
| 19:10 | Build | Farm |
| 19:24 | Research | Castle Age |
| 19:24 | Research | Castle Age |
| 19:56 | Build | Farm |
| 19:57 | Create | Militia |
| 19:57 | Create | Militia |
| 20:19 | Create | Villager (Male) |
| 20:34 | Create | Villager (Male) |
| 20:49 | Build | Stable |
| 20:54 | Build | Stable |
| 20:59 | Build | House |
| 21:07 | Research | Scale Barding Armor |
| 21:27 | Create | Villager (Male) |
| 21:50 | Build | Watch Tower |
| 21:55 | Research | Bloodlines |
| 22:01 | Create | Villager (Male) |
| 22:02 | Build | Farm |
| 22:04 | Age | Castle Age |
| 22:07 | Create | Knight |
| 22:07 | Create | Knight |
| 22:10 | Research | Bodkin Arrow |
| 22:10 | Research | Bodkin Arrow |
| 22:26 | Create | Villager (Male) |
| 22:37 | Create | Knight |
| 22:45 | Create | Villager (Male) |
| 22:52 | Research | Bow Saw |
| 22:54 | Research | Horse Collar |
| 22:54 | Research | Horse Collar |
| 22:58 | Create | Knight |
| 23:07 | Build | Farm |
| 23:08 | Create | Villager (Male) |
| 23:09 | Build | Farm |
| 23:09 | Build | Farm |
| 23:25 | Research | Husbandry |
| 23:35 | Build | House |
| 23:36 | Build | House |
| 23:41 | Create | Knight |
| 23:41 | Create | Knight |
| 23:47 | Create | Villager (Male) |
| 23:59 | Build | Town Center |
| 24:07 | Create | Knight |
Build order — [Nors] ImSimon
First 150 of 193 actions detected
| 0:00 | Create | Villager (Male) |
| 0:00 | Create | Villager (Male) |
| 0:01 | Create | Villager (Male) |
| 0:03 | Build | House |
| 0:04 | Build | House |
| 0:54 | Create | Villager (Male) |
| 1:33 | Create | Villager (Male) |
| 2:00 | Create | Villager (Male) |
| 2:09 | Build | Mill |
| 2:13 | Create | Villager (Male) |
| 2:47 | Create | Villager (Male) |
| 3:11 | Create | Villager (Male) |
| 3:44 | Create | Villager (Male) |
| 3:51 | Build | House |
| 3:54 | Create | Villager (Male) |
| 4:30 | Create | Villager (Male) |
| 4:53 | Create | Villager (Male) |
| 5:12 | Build | Lumber Camp |
| 5:26 | Create | Villager (Male) |
| 5:50 | Research | Loom |
| 6:16 | Research | Feudal Age |
| 7:24 | Build | House |
| 7:39 | Build | Barracks |
| 8:01 | Create | Villager (Male) |
| 8:26 | Age | Feudal Age |
| 8:28 | Build | Archery Range |
| 8:38 | Create | Villager (Male) |
| 8:43 | Research | Double-Bit Axe |
| 8:50 | Build | House |
| 9:03 | Create | Spearman |
| 9:09 | Create | Skirmisher |
| 9:12 | Create | Villager (Male) |
| 9:15 | Build | Palisade Wall |
| 9:30 | Create | Skirmisher |
| 9:38 | Build | Palisade Wall |
| 9:43 | Create | Villager (Male) |
| 9:46 | Create | Villager (Male) |
| 9:50 | Create | Skirmisher |
| 9:59 | Build | Palisade Wall |
| 10:02 | Create | Villager (Male) |
| 10:25 | Build | Mill |
| 10:26 | Create | Villager (Male) |
| 10:36 | Create | Villager (Male) |
| 10:44 | Build | House |
| 10:49 | Create | Skirmisher |
| 10:50 | Create | Spearman |
| 10:55 | Build | Farm |
| 11:08 | Create | Skirmisher |
| 11:14 | Create | Villager (Male) |
| 11:16 | Build | Farm |
| 11:33 | Build | Farm |
| 11:37 | Build | Farm |
| 11:46 | Create | Villager (Male) |
| 11:48 | Build | Farm |
| 11:59 | Build | House |
| 12:08 | Build | House |
| 12:10 | Build | House |
| 12:16 | Create | Skirmisher |
| 12:30 | Build | Farm |
| 12:39 | Create | Villager (Male) |
| 12:42 | Build | Farm |
| 12:59 | Build | Farm |
| 12:59 | Create | Villager (Male) |
| 13:00 | Create | Skirmisher |
| 13:03 | Build | Farm |
| 13:05 | Create | Villager (Male) |
| 13:36 | Build | House |
| 13:39 | Build | Palisade Wall |
| 13:46 | Build | Farm |
| 13:47 | Build | Farm |
| 13:51 | Create | Villager (Male) |
| 13:53 | Build | Farm |
| 14:02 | Create | Villager (Male) |
| 14:13 | Build | Mining Camp |
| 14:17 | Create | Villager (Male) |
| 14:22 | Build | Outpost |
| 14:25 | Create | Villager (Male) |
| 14:38 | Build | Watch Tower |
| 14:42 | Create | Villager (Male) |
| 14:48 | Create | Villager (Male) |
| 14:51 | Build | Mining Camp |
| 15:18 | Build | House |
| 15:38 | Build | House |
| 15:40 | Build | House |
| 16:06 | Build | Blacksmith |
| 16:11 | Build | Farm |
| 16:14 | Create | Villager (Male) |
| 16:40 | Create | Skirmisher |
| 17:06 | Create | Villager (Male) |
| 17:25 | Research | Castle Age |
| 17:35 | Create | Skirmisher |
| 17:38 | Build | House |
| 17:40 | Build | House |
| 17:59 | Build | House |
| 18:06 | Build | House |
| 18:08 | Build | House |
| 18:23 | Create | Skirmisher |
| 18:26 | Build | Stable |
| 18:28 | Research | Horse Collar |
| 18:29 | Research | Gold Mining |
| 18:40 | Build | House |
| 19:02 | Build | Lumber Camp |
| 19:10 | Research | Fletching |
| 19:43 | Create | Villager (Male) |
| 19:45 | Create | Skirmisher |
| 19:48 | Build | House |
| 20:11 | Age | Castle Age |
| 20:14 | Build | Siege Workshop |
| 20:27 | Build | Market |
| 20:42 | Create | Villager (Male) |
| 20:42 | Create | Villager (Male) |
| 20:46 | Build | House |
| 20:58 | Build | Mining Camp |
| 21:02 | Build | Farm |
| 21:08 | Research | Bodkin Arrow |
| 21:17 | Research | Elite Skirmisher (upgrade) |
| 21:32 | Create | Camel Scout |
| 21:56 | Create | Knight |
| 22:04 | Create | Skirmisher |
| 22:05 | Create | Villager (Male) |
| 22:05 | Create | Villager (Male) |
| 22:32 | Create | Villager (Male) |
| 22:49 | Build | Farm |
| 22:49 | Build | Farm |
| 22:49 | Build | Farm |
| 22:49 | Build | Farm |
| 22:50 | Build | Farm |
| 22:50 | Build | Farm |
| 22:51 | Build | Farm |
| 22:55 | Create | Camel Scout |
| 22:55 | Create | Villager (Male) |
| 23:07 | Build | Lumber Camp |
| 23:14 | Build | Palisade Wall |
| 23:16 | Build | Palisade Wall |
| 23:17 | Build | Palisade Wall |
| 23:23 | Create | Camel Scout |
| 23:25 | Create | Villager (Male) |
| 23:33 | Create | Mangonel |
| 23:55 | Create | Camel Scout |
| 24:08 | Create | Camel Scout |
| 24:14 | Build | Monastery |
| 24:15 | Create | Villager (Male) |
| 24:28 | Create | Camel Scout |
| 24:53 | Create | Villager (Male) |
| 24:53 | Create | Villager (Male) |
| 24:56 | Create | Skirmisher |
| 24:57 | Create | Skirmisher |
| 25:05 | Create | Monk |
| 25:15 | Build | House |
| 25:25 | Create | Skirmisher |
Match timeline
| 6:56 | RaiD · first_building Barracks |
| 7:39 | [Nors] ImSimon · first_building Barracks |
| 8:26 | [Nors] ImSimon · age_up feudal |
| 8:28 | [Nors] ImSimon · first_building Archery Range |
| 9:15 | [Nors] ImSimon · wall_segment Palisade Wall x11 |
| 9:18 | RaiD · age_up feudal |
| 9:38 | [Nors] ImSimon · wall_segment Palisade Wall x5 |
| 9:59 | [Nors] ImSimon · wall_segment Palisade Wall x5 |
| 12:51 | RaiD · wall_segment Palisade Wall x1 |
| 12:53 | RaiD · wall_segment Palisade Wall x4 |
| 13:39 | [Nors] ImSimon · wall_segment Palisade Wall x3 |
| 13:40 | RaiD · wall_segment Palisade Wall x8 |
| 13:45 | RaiD · wall_segment Palisade Wall x1 |
| 13:45 | RaiD · wall_segment Palisade Wall x1 |
| 13:46 | RaiD · wall_segment Palisade Wall x1 |
| 14:54 | RaiD · wall_segment Palisade Wall x11 |
| 18:10 | RaiD · wall_segment Palisade Wall x1 |
| 18:12 | RaiD · wall_segment Palisade Wall x1 |
| 18:26 | [Nors] ImSimon · first_building Stable |
| 20:11 | [Nors] ImSimon · age_up castle |
| 20:14 | [Nors] ImSimon · first_building Siege Workshop |
| 20:49 | RaiD · first_building Stable |
| 21:07 | [Nors] ImSimon · first_market_sell 100 stone |
| 22:04 | RaiD · age_up castle |
| 23:14 | [Nors] ImSimon · wall_segment Palisade Wall x1 |
| 23:16 | [Nors] ImSimon · wall_segment Palisade Wall x1 |
| 23:17 | [Nors] ImSimon · wall_segment Palisade Wall x1 |
| 23:31 | [Nors] ImSimon · first_market_buy 100 wood |
| 24:14 | [Nors] ImSimon · first_building Monastery |
| 24:41 | RaiD · first_building Monastery |
| 25:25 | RaiD · first_market_sell 100 food |
| 26:24 | RaiD · first_building Siege Workshop |
| 26:32 | RaiD · first_building Krepost |
| 30:44 | [Nors] ImSimon · resign |
[ AI ANALYSIS · 1 CREDIT ]
What really happened in this match?
Wolo.gg analyzes every decision: build order, eco, micro, common mistakes by bracket. Personalized analysis on WhatsApp or Discord in 30 seconds.
Civ guide
Bulgarians
Perfil
Jugador #3173869